 Dungeon Crawl Stone Soup version 0.22.1-2-g9c5b331 (webtiles) character file.

4578 formalwhale the Spear-Bearer (level 10, -5/88 HPs)
             Began as a Minotaur Fighter on Dec 24, 2018.
             Was a Believer of Zin.
             Slain by a black mamba (7 damage)
             ... on level 1 of the Lair of Beasts.
             The game lasted 00:54:15 (4135 turns).

formalwhale the Spear-Bearer (Minotaur Fighter)     Turns: 4135, Time: 00:54:15

Health: -5/88      AC: 14    Str: 25    XL:     10   Next: 18%
Magic:  0/14       EV:  7    Int:  6    God:    Zin [**....]
Gold:   206        SH: 11    Dex:  9    Spells: 9/9 levels left

rFire    . . .     SeeInvis +   E - +11 spear "Ultimatum" {flame, rPois Int-2 SInv}
rCold    . . .     Gourm    .   c - +0 shield
rNeg     . . .     Faith    .   w - +1 chain mail
rPois    +         Spirit   +   (helmet restricted)
rElec    .         Reflect  .   (no cloak)
rCorr    .         Harm     .   M - +0 pair of gloves
MR       .....                  j - +0 pair of boots
Stlth    ..........             o - amulet of guardian spirit
HPRegen  0.24/turn              p - +3 ring of intelligence
MPRegen  0.14/turn              (no ring)

@: no status effects
A: retaliatory headbutt, horns 2
a: Recite, Vitalisation, Donate Gold, Renounce Religion


You were on level 1 of the Lair of Beasts.
You worshipped Zin.
Zin was pleased with you.
You were not hungry.

You visited 3 branches of the dungeon, and saw 11 of its levels.

You collected 228 gold pieces.
You donated 22 gold pieces to Zin.

Inventory:

Hand Weapons
 a - a +1 trident
 v - a +2 dire flail of holy wrath
 D - the +4 long sword of Upnerrei {elec, rN+, unknown}
   (You found it on level 8 of the Dungeon)

   Occasionally, upon striking a foe, it will discharge some electrical energy
   and cause terrible harm.
   It protects you from negative energy.
 E - the +11 spear "Ultimatum" (weapon) {flame, rPois Int-2 SInv}
   (You found it on level 8 of the Dungeon)

   It has been specially enchanted to burn those struck by it, causing extra
   injury to most foes and up to half again as much damage against particularly
   susceptible opponents.
   It affects your intelligence (-2).
   It protects you from poison.
   It lets you see invisible.
 F - a +0 blowgun
 H - a +0 dagger of draining
 I - a +0 vampiric short sword
Missiles
 g - 32 sling bullets
 i - 68 stones (quivered)
 G - 7 poisoned needles
Armour
 b - a +0 scale mail
 c - a +0 shield (worn)
 e - a +0 robe
 j - a +0 pair of boots (worn)
 k - a +0 centaur barding
 m - a +0 leather armour
 w - a +1 chain mail (worn)
 M - a +0 pair of gloves (worn)
Magical Staves
 h - an uncursed staff of cold
Jewellery
 o - an amulet of guardian spirit (around neck)
 p - a +3 ring of intelligence (left hand)
 t - an uncursed amulet of harm
 z - an uncursed amulet of guardian spirit
Wands
 l - a wand of paralysis (4)
Scrolls
 n - 2 scrolls of enchant armour
 B - 2 scrolls of immolation
 P - a scroll of magic mapping
Potions
 d - 2 potions of might
 r - a potion of magic {unknown}
 s - 3 potions of agility {unknown}
 u - a potion of cancellation
 A - 3 potions of heal wounds {unknown}
 C - 2 potions of haste {unknown}
 J - a potion of lignification {unknown}
 K - a potion of berserk rage {unknown}
 L - a potion of invisibility
 N - 2 potions of degeneration {unknown}
Comestibles
 f - 3 rations


   Skills:
 + Level 7.8 Fighting
 * Level 9.9 Polearms
 + Level 7.7 Armour
 + Level 7.8 Shields
 * Level 7.6 Invocations


You had 9 spell levels left.
You didn't know any spells.
Your spell library was empty.

Dungeon Overview and Level Annotations

Branches:
Dungeon (8/15)             Temple (1/1) D:5            Lair (2/6) D:8
  Swamp: Lair:2-4    Shoals: Lair:2-4     Snake: Lair:2-4    Spider: Lair:2-4

Altars:
Ashenzari
Cheibriados
Dithmenos
Elyvilon
Fedhas
Gozag
Hepliaklqana
Kikubaaqudgha
Makhleb
Nemelex Xobeh
Okawaru
Ru
Sif Muna
Trog
Uskayaw
Vehumet
Wu Jian
Xom
Zin

Shops:
D:7 [

Annotations:
Lair:1 exclusion: oklob plant


Innate Abilities, Weirdness & Mutations

You reflexively headbutt those who attack you in melee.
You have a pair of horns on your head.


Message History

* * * LOW HITPOINT WARNING * * *
It was a potion of cancellation.
Your magical effects are unravelling.
You feel magically purged.
Your magical contamination has completely faded away.
You flicker back into view.
You block the black mamba's attack. The yak gores you but does no damage.
The black mamba bites you.
* * * LOW HITPOINT WARNING * * *
As you read the scroll labeled ONOXOI FAAVIWK, it crumbles to dust.
The scroll dissolves into smoke.
It was a scroll of fog.
The black mamba bites you but does no damage.
You block the yak's attack. The black mamba bites you!
* * * LOW HITPOINT WARNING * * *
The black mamba bites you.
* * * LOW HITPOINT WARNING * * *
As you read the scroll labeled PONLOY OZURE, it crumbles to dust.
You speak a Word of immense power!
It was a scroll of holy word.
The black mamba bites you!
You die...

#....P# #....# #....##
#.....# ##....# #
###########..^..#######P
.........§....†.........
.....§§§§§..............
.....§§@S§§.............
.....§§§Y§§.............
.....§§§§§§.............
........................
........................
........................
........................
.......(...............
.....................


You could see a black mamba (inner flame) and a yak (inner flame).

Vanquished Creatures
  A kobold demonologist (D:8)
  A komodo dragon (Lair:1)
  A hippogriff (Lair:1)
  2 yaks (Lair:2)
  Edmund (D:6)
  3 water moccasins
  4 porcupines
  An orc warrior (D:8)
  2 black bears (D:8)
  3 centaurs
  A crocodile (D:8)
  Blork the orc (D:6)
  19 big kobolds
  A bullfrog (D:7)
  A scorpion (D:5)
  A howler monkey (D:5)
  2 crimson imps (D:6)
  A centaur zombie (D:8)
  A quasit (D:6)
  3 hounds
  A jelly (D:8)
  A centaur skeleton (D:4)
  5 orc wizards
  An iguana (D:7)
  2 worker ants
  A worker ant zombie (D:3)
  3 gnolls (D:6)
  7 adders
  An adder zombie (D:3)
  3 worms
  A dart slug (D:2)
  4 leopard geckos
  7 orcs
  2 giant cockroaches (D:2)
  4 goblins
  5 hobgoblins
  5 jackals
  14 kobolds
  A quokka (D:6)
  2 ball pythons
  2 bats (D:2)
  5 frilled lizards
  4 rats
  A fungus (D:8)
  A plant (D:8)
133 creatures vanquished.

Vanquished Creatures (others)
  5 fungi (D:8)
  A withered plant (D:3)
6 creatures vanquished.

Grand Total: 139 creatures vanquished

Notes
Turn   | Place    | Note
-------+----------+-------------------------------------------
     0 | D:1      | formalwhale the Minotaur Fighter began the quest for the
                  | Orb.
     0 | D:1      | Reached XP level 1. HP: 19/19 MP: 0/0
   191 | D:2      | Reached XP level 2. HP: 24/27 MP: 1/1
   222 | D:2      | Reached skill level 3 in Polearms
   407 | D:2      | Reached XP level 3. HP: 33/33 MP: 2/2
   456 | D:2      | Found a glowing silver altar of Zin.
   483 | D:2      | Became a worshipper of Zin the Law-Giver
   736 | D:3      | Found a sparkling altar of Nemelex Xobeh.
   798 | D:3      | Reached XP level 4. HP: 37/40 MP: 3/3
   897 | D:4      | Reached skill level 1 in Invocations
   928 | D:4      | Reached * piety under Zin
   998 | D:4      | Reached skill level 4 in Polearms
  1067 | D:4      | Reached XP level 5. HP: 11/47 MP: 3/5
  1516 | D:5      | Entered Level 5 of the Dungeon
  1516 | D:5      | Found an iron altar of Okawaru.
  1566 | D:5      | Found a blossoming altar of Fedhas.
  1567 | D:5      | Noticed a centaur
  1583 | D:5      | Killed a centaur
  1583 | D:5      | Reached XP level 6. HP: 39/53 MP: 6/6
  1810 | D:5      | Reached skill level 5 in Polearms
  1846 | D:5      | Found a staircase to the Ecumenical Temple.
  1873 | Temple   | Entered the Ecumenical Temple
  2094 | D:6      | Found a hazy altar of Hepliaklqana.
  2178 | D:6      | Reached skill level 5 in Shields
  2206 | D:6      | Reached skill level 5 in Fighting
  2222 | D:6      | Reached ** piety under Zin
  2247 | D:6      | Reached skill level 5 in Armour
  2247 | D:6      | Reached XP level 7. HP: 56/61 MP: 8/8
  2337 | D:6      | Noticed Edmund
  2351 | D:6      | Killed Edmund
  2381 | D:6      | Noticed Blork the orc
  2400 | D:6      | Killed Blork the orc
  2627 | D:6      | Reached skill level 6 in Polearms
  2724 | D:7      | Found Sic Yteu's Armour Emporium.
  2801 | D:7      | Reached XP level 8. HP: 37/70 MP: 8/10
  3204 | D:8      | Got a smoking spear
  3205 | D:8      | Identified the +11 spear "Ultimatum" {flame, rPois Int-2
                  | SInv} (You found it on level 8 of the Dungeon)
  3208 | D:8      | Found a snail-covered altar of Cheibriados.
  3231 | D:8      | Found a deep blue altar of Sif Muna.
  3239 | D:8      | Got an encrusted long sword
  3396 | D:8      | Noticed a kobold demonologist
  3404 | D:8      | Reached skill level 7 in Polearms
  3418 | D:8      | Killed a kobold demonologist
  3418 | D:8      | Reached skill level 5 in Invocations
  3441 | D:8      | Reached skill level 8 in Polearms
  3443 | D:8      | Reached XP level 9. HP: 70/78 MP: 12/12
  3652 | D:8      | Found a hide-covered altar of Uskayaw.
  3799 | D:8      | Reached skill level 9 in Polearms
  3851 | D:8      | Found a staircase to the Lair.
  3855 | Lair:1   | Entered Level 1 of the Lair of Beasts
  3866 | Lair:1   | Noticed an oklob plant
  4054 | Lair:1   | Reached XP level 10. HP: 86/86 MP: 14/14
  4114 | Lair:2   | Noticed a black mamba
  4119 | Lair:2   | Noticed a spiny frog
  4134 | Lair:1   | HP: 2/88 [black mamba (3)]
  4135 | Lair:1   | Slain by a black mamba

Skill      XL: |  1  2  3  4  5  6  7  8  9 |
---------------+----------------------------+-----
Polearms       | 3 4 5 6 8 9 |  9.9
Armour         | 4 5 6 7 |  7.7
Fighting       | 4 5 6 7 |  7.8
Shields        | 4 5 6 7 |  7.8
Invocations    | 1 2 3 4 5 7 |  7.6

Action                   |  1- 3 |  4- 6 |  7- 9 | 10-12 || total
-------------------------+-------+-------+-------+-------++-------
Melee: Trident           |   104 |   111 |    94 |       ||   309
       Headbutt          |     8 |    18 |    31 |     8 ||    65
       Spear             |       |       |   155 |    22 ||   177
Invok: Recite            |       |     1 |       |       ||     1
Evoke: Wand              |       |     2 |       |     2 ||     4
  Use: Scroll            |     5 |     3 |     2 |     5 ||    15
       Potion            |       |     1 |     2 |     3 ||     6
  Eat: Ration            |       |     1 |     3 |       ||     4
Armor: Scale mail        |    40 |    44 |     2 |       ||    86
       Chain mail        |       |       |    56 |     8 ||    64
Dodge: Dodged            |    28 |    31 |    22 |     4 ||    85
Block: Shield            |    58 |    50 |    75 |    19 ||   202
